 Dungeon Crawl Stone Soup version 0.17-a0-2122-g03d97ec (webtiles) character file.

56 Duffy the Ruffian (level 3, -1/36 HPs)
             Began as a Troll Fighter on Oct 22, 2015.
             Slain by a gnoll
             ... wielding a +0 spear
              (6 damage)
             ... on level 1 of the Dungeon.
             The game lasted 00:02:14 (1387 turns).

Duffy the Ruffian (Troll Fighter)                   Turns: 1387, Time: 00:02:14

Health: -1/36      AC:  5    Str: 24    XL:     3   Next: 71%
Magic:  2/2        EV:  8    Int:  4    God:
Gold:   142        SH:  8    Dex: 10    Spells: 0 memorised, 2 levels left

rFire  . . .     SeeInvis .       - Unarmed
rCold  + . .     Clarity  .     a - +0 robe
rNeg   . . .     SustAt   .     b - +0 shield
rPois  .         Gourm    +     (helmet restricted)
rElec  .         Spirit   .     (no cloak)
rCorr  .         Warding  .     (gloves unavailable)
rMut   .         Stasis   .     (boots unavailable)
MR     .....                    (no amulet)
Stlth  +.........               (no ring)
                                j - ring of protection from cold

@: not resistant to hostile enchantments, very unstealthy
A: unfitting armour, claws 3, fast metabolism 3, gourmand, regeneration 2,
shaggy fur 1, tough skin 2
a: no special abilities


You were on level 1 of the Dungeon.
You were completely stuffed.

You visited 1 branch of the dungeon, and saw 2 of its levels.

You collected 142 gold pieces.


Innate Abilities, Weirdness & Mutations

You are too large for most types of armour.
You have claws for hands.
Your metabolism is lightning-fast.
You like to eat raw meat.
You heal very quickly.
You are covered in fur (AC +1).
You have very tough skin (AC +2).


   Skills:
 - Level 2.4 Fighting
 - Level 2.4 Dodging
 - Level 2.4 Shields
 + Level 4.1 Unarmed Combat


You had 2 spell levels left.
You didn't know any spells.

Inventory:

Missiles
 f - 4 large rocks (quivered)
 s - 3 tomahawks
Armour
 a - a +0 robe (worn)
 b - a +0 shield (worn)
Jewellery
 j - a ring of protection from cold (left claw)
Scrolls
 g - 3 scrolls of recharging {unknown}
 h - a scroll of teleportation {unknown}
 k - 2 scrolls of remove curse {unknown}
 p - 2 scrolls of identify {unknown}
 q - a scroll of blinking {unknown}
 t - a scroll of amnesia {unknown}
 u - a scroll of magic mapping {unknown}
Potions
 c - a potion of might
 e - 2 potions of mutation {unknown}
 l - 3 potions of curing {unknown}
 m - a potion of lignification {unknown}
 n - a potion of haste {unknown}
 r - a potion of beneficial mutation {unknown}
Comestibles
 d - 3 bread rations
 i - 2 beef jerkies

Dungeon Overview and Level Annotations

Branches:
Dungeon (2/15)

Altars:


Message History

There is a stone staircase leading up here.
The gnoll hits you with a spear! The gnoll barely misses you.
There is a stone staircase leading up here.
The gnoll hits you with a spear! You block the gnoll's attack.
You climb upwards.
There is a stone staircase leading down here.
You claw the gnoll!
The gnoll is moderately wounded.
You block the gnoll's attack. The gnoll hits you!
All of the chunks of flesh in your inventory have rotted away.
You are too injured to fight recklessly!
You are too injured to fight recklessly!
You are too injured to fight recklessly!
You are too injured to fight recklessly!
You are too injured to fight recklessly!
You are too injured to fight recklessly!
You are too injured to fight recklessly!
You are too injured to fight recklessly!
You are too injured to fight recklessly!
You are too injured to fight recklessly!
Your shield prevents you from hitting the gnoll.
The gnoll is moderately wounded.
You block the gnoll's attack. x2
You claw the gnoll!
You kill the gnoll!
Your Unarmed Combat skill increases to level 4!
You block the gnoll's attack.
You closely miss the gnoll. The gnoll hits you with a spear.
You barely miss the gnoll. The gnoll barely misses you.
You closely miss the gnoll. The gnoll hits you with a spear!
You barely miss the gnoll. The gnoll hits you with a spear.
You claw the gnoll!
The gnoll is almost dead.
The gnoll hits you with a spear.
You die...

##################
#@g........[......
#†#########....###
#.#......##....#
#.#......##....#
#.#......#######
#.#......#########
#.................
#.................
###......#......##


You could see a gnoll.

Action                   || total
-------------------------++-------
Melee: Unarmed           ||    89
  Eat: Chunk             ||    18

Notes
Turn   | Place    | Note
--------------------------------------------------------------
     0 | D:1      | Duffy the Troll Fighter began the quest for the Orb.
     0 | D:1      | Reached XP level 1. HP: 22/22 MP: 0/0
   221 | D:1      | Reached XP level 2. HP: 25/29 MP: 1/1
   390 | D:1      | Reached skill level 3 in Unarmed Combat
   754 | D:2      | Reached XP level 3. HP: 36/36 MP: 2/2
  1382 | D:1      | Reached skill level 4 in Unarmed Combat
  1387 | D:1      | Slain by a gnoll

Vault maps used:
D:1:      dpeg_arrival_refuge

Vanquished Creatures
  A gnoll
  An ooze
  A worm
  A giant gecko
  A ball python
  5 giant cockroaches
  3 hobgoblins
  2 jackals
  2 kobolds
  5 bats
  4 giant newts
  5 goblins
  6 rats
37 creatures vanquished.
